 Dungeon Crawl Stone Soup version 0.26.1-10-gdfb7c7de75 (webtiles) character file.

Game seed: 2560881335142060374

138 Revguard the Shield-Bearer (level 5, 0/33 HPs)
             Began as a Gargoyle Fighter on Apr 5, 2021.
             Slain by an ogre
             ... wielding a +0 giant club
              (9 damage)
             ... on level 4 of the Dungeon.
             The game lasted 00:07:23 (2661 turns).

Revguard the Shield-Bearer (Gargoyle Fighter)       Turns: 2661, Time: 00:07:24

Health: 0/33       AC: 11    Str: 18 (20) XL:     5   Next: 21%
Magic:  5/5        EV:  7    Int:  6 (8)  God:
Gold:   165        SH: 14    Dex:  9 (10) Spells: 4/4 levels left

rFire    . . .     SeeInvis .   a - +0 war axe
rCold    . . .     Faith    .   c - +0 kite shield
rNeg     + . .     Spirit   .   b - +0 scale mail
rPois    ∞         Reflect  +   (no helmet)
rElec    +         Harm     .   (no cloak)
rCorr    .         Rampage  .   (no gloves)
Will     .....                  (no boots)
Stlth    ..........             l - amulet of reflection
HPRegen  0.11/turn              (no ring)
MPRegen  0.09/turn              (no ring)

@: brilliant
A: negative energy resistance 1, electricity resistance, unbreathing,
petrification resistance, miasma immunity, AC +4
a: no special abilities


You were on level 4 of the Dungeon.
You visited 1 branch of the dungeon, and saw 4 of its levels.

You collected 165 gold pieces.

Inventory:

Hand Weapons
 a - a +0 war axe (weapon)
Armour
 b - a +0 scale mail (worn)
 c - a +0 kite shield (worn)
Jewellery
 l - an amulet of reflection (around neck)
Scrolls
 h - a scroll of enchant weapon {unknown}
 i - 2 scrolls of remove curse {unknown}
 j - 2 scrolls of magic mapping {unknown}
 k - a scroll of blinking {unknown}
 n - a scroll of fog {unknown}
 q - a scroll of identify {unknown}
Potions
 d - a potion of might
 f - 2 potions of brilliance
 g - 4 potions of curing {unknown}
 m - a potion of ambrosia {unknown}
 o - a potion of magic {unknown}
 p - a potion of mutation {unknown}
 r - a potion of cancellation {unknown}


   Skills:
 * Level 4.0 Fighting
 + Level 3.0 Axes
 + Level 3.9 Armour
 + Level 0.5 Dodging
 + Level 4.3 Shields


You had 4 spell levels left.
You didn't know any spells.
Your spell library was empty.

Dungeon Overview and Level Annotations

Branches:
Dungeon (4/15)
 Temple: D:4-7

Altars:
Ashenzari


Innate Abilities, Weirdness & Mutations

You are resistant to torment.
Your stone body is resilient. (AC +4)
You are immune to poison.
You resist negative energy. (rN+)
You are resistant to electric shocks. (rElec)
You can survive without breathing.
You are immune to petrification.
You are immune to miasma.


Message History

You are too injured to fight recklessly!
You are too injured to fight recklessly!
You are too injured to fight recklessly!
You are too injured to fight recklessly!
You are too injured to fight recklessly!
You are too injured to fight recklessly!
You are too injured to fight recklessly!
You are too injured to fight recklessly!
You are too injured to fight recklessly!
You are too injured to fight recklessly!
You are too injured to fight recklessly!
You are too injured to fight recklessly!
It was a potion of degeneration.
There was something very wrong with that liquid.
You feel weakened.
You feel dopey.
You feel clumsy. You block the ogre's attack.
It was a potion of brilliance.
You feel clever all of a sudden. The ogre hits you with a +0 giant club!
You die...

##+## ##...##
##.....##
##.......## #
#.........##.#...
+......†..'....(.
#.....†...#
##....<.O##
##....@## ##...##
##+##


You could see an ogre.

Vanquished Creatures
  An orc priest (D:3)
  Jessica (D:2)
  2 adders (D:3)
  A worm (D:2)
  A dart slug (D:1)
  5 orcs (D:3)
  11 bats
  4 giant cockroaches
  4 goblins
  3 hobgoblins
  2 jackals (D:4)
  A quokka (D:3)
  A frilled lizard (D:1)
  12 kobolds
  7 rats
56 creatures vanquished.

Notes
Turn   | Place    | Note
-------+----------+-------------------------------------------
     0 | D:1      | Revguard the Gargoyle Fighter began the quest for the Orb.
     0 | D:1      | Reached XP level 1. HP: 14/14 MP: 1/1
   140 | D:1      | Reached XP level 2. HP: 19/19 MP: 2/2
   324 | D:1      | Reached XP level 3. HP: 23/24 MP: 3/3
   957 | D:2      | Noticed Jessica
   967 | D:2      | Killed Jessica
   968 | D:2      | Reached XP level 4. HP: 26/29 MP: 4/4
  2024 | D:3      | Found a faded altar of an unknown god.
  2098 | D:3      | Reached XP level 5. HP: 33/33 MP: 5/5
  2607 | D:3      | Found a broken altar of Ashenzari.
  2652 | D:4      | Noticed an ogre
  2661 | D:4      | Slain by an ogre

Illustrated notes

Levels and vault maps discovered:
D:1:      elethiomel_arrival_maze, layout_basic, minmay_domino_4
D:2:      layout_basic, uniq_jessica
D:3:      layout_basic, nicolae_overflow_hidden_temple,
          chequers_ecumenical_altar_simple
D:4:      layout_loops_corners, lemuel_altar_in_water, uniq_eustachio,
          uniq_sigmund

Skill      XL: |  1  2  3  4  5 |
---------------+----------------+-----
Axes           | 2 3 |  3.0
Shields        | 4 |  4.3
Fighting       | 4 |  4.0
Armour         | |  3.9
Dodging        | |  0.5

Action                   |  1- 3 |  4- 6 || total
-------------------------+-------+-------++-------
Melee: War axe           |    72 |   117 ||   189
  Use: Potion            |       |     2 ||     2
Armor: Scale mail        |    62 |    48 ||   110
Dodge: Dodged            |    37 |    36 ||    73
Block: Kite shield       |    60 |   101 ||   161
       Reflection        |       |     2 ||     2
